Workbook

Sheet EVAL. OFERTAS HAB. Limitada BOL
C2: MINISTERIO DE TRANSPORTE
C3: INSTITUTO NACIONAL DE VÍAS
C4: DIRECCIÓN TERRITORIAL BOLÍVAR
C5: INVITACION PUBLICA DE MINIMA CUANTIA
C6: IP-DT-BOL-008-2024
C7: INTERVENTORÍA TÉCNICA, ADMINISTRATIVA, FINANCIERA Y AMBIENTAL PARA EL MEJORAMIENTO Y MANTENIMIENTO DE VÍAS RURALES EN EL MUNICIPIO DE SAN JACINTO, DEPARTAMENTO DE BOLIVAR, EN LA RED TERCIARIA A CARGO DEL INVIAS.
C9: PRESUPUESTO OFICIAL | F9: PLAZO: | G9: 4 MESES
K10: OFERTA N0.1 : G & G INGENIEROS SAS | P10: OFERTA N0.2 : CONSTRUCCIONES HERCAR SAS | U10: OFERTA N0.3 : RAMON ANTONIO RUBIO ACOSTA | Z10: OFERTA N0.4 : INVIACONS SAS | AE10: OFERTA : SANTIAGO AREVALO -RECHAZADO | AJ10: OFERTA N0.5 : ORLANDO JIMENO
C11: CARGO / OFICIO | E11: COSTOS | F11: PRIMA | G11: PARTICIPACIÓN | H11: VALOR | K11: COSTO DE PERSONAL | L11: PARTICIPACION | M11: VALOR PARCIAL | N11: OBSERVACIONES | P11: COSTO DE PERSONAL | Q11: PARTICIPACION | R11: VALOR PARCIAL | S11: OBSERVACIONES | U11: COSTO DE PERSONAL | V11: PARTICIPACION | W11: VALOR PARCIAL | X11: OBSERVACIONES | Z11: COSTO DE PERSONAL | AA11: PARTICIPACION | AB11: VALOR PARCIAL | AC11: OBSERVACIONES | AE11: COSTO DE PERSONAL | AF11: PARTICIPACION | AG11: VALOR PARCIAL | AH11: OBSERVACIONES | AJ11: COSTO DE PERSONAL | AK11: PARTICIPACION | AL11: VALOR PARCIAL | AM11: OBSERVACIONES
E12: DE PERSONAL | F12: REGIONAL | G12: (h-mes) | H12: PARCIAL ($)
E13: (1) | F13: (2) | G13: (3) | H13: ((1)+(2))*(3) = (4)
D14: COSTOS DIRECTOS DE PERSONAL
D15: PERSONAL PROFESIONAL
C16: 1 | D16: Director de Interventoría | E16: 6000000 | G16: 0.8 | H16: =C16*(E16+F16)*G16 -> 4800000 | K16: 3000000 | L16: 0.8 | M16: =K16*L16 -> 2400000 | P16: 3500000 | Q16: 0.8 | R16: =P16*Q16 -> 2800000 | U16: 4000000 | V16: 0.8 | W16: =U16*V16 -> 3200000 | Z16: 4000000 | AA16: 0.8 | AB16: =Z16*AA16 -> 3200000 | AE16: 5040000 | AF16: 0.8 | AG16: =AE16*AF16 -> 4032000 | AJ16: 5500000 | AK16: 0.8 | AL16: =AJ16*AK16 -> 4400000
C17: 1 | D17: Ingeniero Residente de Interventoría | E17: 3500000 | G17: 4 | H17: =C17*(E17+F17)*G17 -> 14000000 | I17: NO MODIFICAR | K17: 3500000 | L17: 4 | M17: =K17*L17 -> 14000000 | N17: CUMPLE | P17: 3500000 | Q17: 4 | R17: =P17*Q17 -> 14000000 | S17: CUMPLE | U17: 3500000 | V17: 4 | W17: =U17*V17 -> 14000000 | X17: CUMPLE | Z17: 3500000 | AA17: 4 | AB17: =Z17*AA17 -> 14000000 | AC17: CUMPLE | AE17: 3500000 | AF17: 4 | AG17: =AE17*AF17 -> 14000000 | AH17: CUMPLE | AJ17: 3500000 | AK17: 4 | AL17: =AJ17*AK17 -> 14000000 | AM17: CUMPLE
D18: MONTO AGOTABLE ESPECIALISTAS (Conforman esta bolsa los Especialistas resaltados en amarillo) | H18: =SUM(H19:H24) -> 9000000 | I18: NO MODIFICAR | M18: =SUM(M19:M24) -> 9000000 | N18: CUMPLE | R18: =SUM(R19:R24) -> 9000000 | S18: CUMPLE | W18: =SUM(W19:W24) -> 9000000 | X18: CUMPLE | AB18: =SUM(AB19:AB24) -> 9000000 | AC18: CUMPLE | AG18: =SUM(AG19:AG24) -> 7560000 | AH18: NO CUMPLE | AL18: =SUM(AL19:AL24) -> 9000000 | AM18: CUMPLE
C19: 1 | D19: Especialista Ambiental y/o Sostenibilidad | E19: 6000000 | G19: 0.4 | H19: =C19*(E19+F19)*G19 -> 2400000 | K19: 6000000 | L19: 0.4 | M19: =K19*L19 -> 2400000 | P19: 6000000 | Q19: 0.4 | R19: =P19*Q19 -> 2400000 | U19: 6000000 | V19: 0.4 | W19: =U19*V19 -> 2400000 | Z19: 6000000 | AA19: 0.4 | AB19: =Z19*AA19 -> 2400000 | AE19: 5040000 | AF19: 0.4 | AG19: =AE19*AF19 -> 2016000 | AJ19: 6000000 | AK19: 0.4 | AL19: =AJ19*AK19 -> 2400000
C20: 1 | D20: Especialista en Geología y/o Geotecnia | E20: 6000000 | G20: 0.2 | H20: =C20*(E20+F20)*G20 -> 1200000 | K20: 6000000 | L20: 0.2 | M20: =K20*L20 -> 1200000 | P20: 6000000 | Q20: 0.2 | R20: =P20*Q20 -> 1200000 | U20: 6000000 | V20: 0.2 | W20: =U20*V20 -> 1200000 | Z20: 6000000 | AA20: 0.2 | AB20: =Z20*AA20 -> 1200000 | AE20: 5040000 | AF20: 0.2 | AG20: =AE20*AF20 -> 1008000 | AJ20: 6000000 | AK20: 0.2 | AL20: =AJ20*AK20 -> 1200000
C21: 1 | D21: Especialista en Pavimentos y/o Vías | E21: 6000000 | G21: 0.2 | H21: =C21*(E21+F21)*G21 -> 1200000 | K21: 6000000 | L21: 0.2 | M21: =K21*L21 -> 1200000 | P21: 6000000 | Q21: 0.2 | R21: =P21*Q21 -> 1200000 | U21: 6000000 | V21: 0.2 | W21: =U21*V21 -> 1200000 | Z21: 6000000 | AA21: 0.2 | AB21: =Z21*AA21 -> 1200000 | AE21: 5040000 | AF21: 0.2 | AG21: =AE21*AF21 -> 1008000 | AJ21: 6000000 | AK21: 0.2 | AL21: =AJ21*AK21 -> 1200000
C22: 1 | D22: Especialista en Estructuras | E22: 6000000 | G22: 0.1 | H22: =C22*(E22+F22)*G22 -> 600000 | K22: 6000000 | L22: 0.1 | M22: =K22*L22 -> 600000 | P22: 6000000 | Q22: 0.1 | R22: =P22*Q22 -> 600000 | U22: 6000000 | V22: 0.1 | W22: =U22*V22 -> 600000 | Z22: 6000000 | AA22: 0.1 | AB22: =Z22*AA22 -> 600000 | AE22: 5040000 | AF22: 0.1 | AG22: =AE22*AF22 -> 504000 | AJ22: 6000000 | AK22: 0.1 | AL22: =AJ22*AK22 -> 600000
C23: 1 | D23: Especialista en Hidráulica e Hidrología | E23: 6000000 | G23: 0.1 | H23: =C23*(E23+F23)*G23 -> 600000 | K23: 6000000 | L23: 0.1 | M23: =K23*L23 -> 600000 | P23: 6000000 | Q23: 0.1 | R23: =P23*Q23 -> 600000 | U23: 6000000 | V23: 0.1 | W23: =U23*V23 -> 600000 | Z23: 6000000 | AA23: 0.1 | AB23: =Z23*AA23 -> 600000 | AE23: 5040000 | AF23: 0.1 | AG23: =AE23*AF23 -> 504000 | AJ23: 6000000 | AK23: 0.1 | AL23: =AJ23*AK23 -> 600000
C24: 1 | D24: Especialista en Diseño Geométrico | E24: 6000000 | G24: 0.5 | H24: =C24*(E24+F24)*G24 -> 3000000 | K24: 6000000 | L24: 0.5 | M24: =K24*L24 -> 3000000 | P24: 6000000 | Q24: 0.5 | R24: =P24*Q24 -> 3000000 | U24: 6000000 | V24: 0.5 | W24: =U24*V24 -> 3000000 | Z24: 6000000 | AA24: 0.5 | AB24: =Z24*AA24 -> 3000000 | AE24: 5040000 | AF24: 0.5 | AG24: =AE24*AF24 -> 2520000 | AJ24: 6000000 | AK24: 0.5 | AL24: =AJ24*AK24 -> 3000000
D25: SUBTOTAL COSTOS DE PERSONAL = | H25: =SUM(H16:H18) -> 27800000 | M25: =M16+M17+M18 -> 25400000 | R25: =R16+R17+R18 -> 25800000 | W25: =W16+W17+W18 -> 26200000 | AB25: =AB16+AB17+AB18 -> 26200000 | AG25: =AG16+AG17+AG18 -> 25592000 | AL25: =AL16+AL17+AL18 -> 27400000
D26: FACTOR MULTIPLICADOR | H26: 2.36 | I26: VALOR MAXIMO | M26: 1.8 | N26: CUMPLE | R26: 1.72 | S26: CUMPLE | W26: 1.39 | X26: CUMPLE | AB26: 1.75 | AC26: CUMPLE | AG26: 2.36 | AH26: CUMPLE | AL26: 2.32 | AM26: CUMPLE
D27: TOTAL COSTOS DE PERSONAL = (A) | H27: =ROUND(H25*H26,0) -> 65608000 | M27: =M25*M26 -> 45720000 | R27: =R25*R26 -> 44376000 | W27: =W25*W26 -> 36418000 | AB27: =AB25*AB26 -> 45850000 | AG27: =AG25*AG26 -> 60397120 | AL27: =AL25*AL26 -> 63568000
C28: CONCEPTO | E28: UNIDAD | F28: COSTO | G28: UTILIZACION | H28: VALOR
F29: ($) | H29: PARCIAL ($)
F30: (7) | G30: (8) | H30: (7)*(8) = (9)
D31: OTROS COSTOS DIRECTOS
D32: VIÁTICOS
C33: 1 | D33: Viaticos Director y/o Especialistas | E33: Dia | F33: 200000 | G33: 5 | H33: =F33*G33 -> 1000000 | K33: 50000 | L33: 5 | M33: =K33*L33 -> 250000 | P33: 100000 | Q33: 5 | R33: =P33*Q33 -> 500000 | U33: 200000 | V33: 5 | W33: =U33*V33 -> 1000000 | Z33: 150000 | AA33: 5 | AB33: =Z33*AA33 -> 750000 | AE33: 168000 | AF33: 5 | AG33: =AE33*AF33 -> 840000 | AJ33: 200000 | AK33: 5 | AL33: =AJ33*AK33 -> 1000000
D34: COSTOS DE ALQUILER DE EQUIPOS Y OFICINA
C35: 1 | D35: Camioneta o Campero de más de 2000 c.c. (1): 4x4 (Incluye conductor peajes y Combustible) El modelo del vehiculo ofrecido deberá corresponder a modelos 2015 o superior. | E35: Mes | F35: 5000000 | G35: 3 | H35: =C35*F35*G35 -> 15000000 | K35: 2500000 | L35: 3 | M35: =K35*L35 -> 7500000 | P35: 1600000 | Q35: 3 | R35: =P35*Q35 -> 4800000 | U35: 3500000 | V35: 3 | W35: =U35*V35 -> 10500000 | Z35: 3000000 | AA35: 3 | AB35: =Z35*AA35 -> 9000000 | AE35: 4200000 | AF35: 3 | AG35: =AE35*AF35 -> 12600000 | AJ35: 4500000 | AK35: 3 | AL35: =AJ35*AK35 -> 13500000
C36: 1 | D36: Trabajo de topografia (incluye personal, equipo y transporte) | E36: Mes | F36: 5212336 | G36: 1 | H36: =C36*F36*G36 -> 5212336 | K36: 1600000 | L36: 1 | M36: =K36*L36 -> 1600000 | P36: 2000000 | Q36: 1 | R36: =P36*Q36 -> 2000000 | U36: 3500000 | V36: 1 | W36: =U36*V36 -> 3500000 | Z36: 2500000 | AA36: 1 | AB36: =Z36*AA36 -> 2500000 | AE36: 4378362.2 | AF36: 1 | AG36: =ROUND(AE36*AF36,0) -> 4378362 | AJ36: 5000000 | AK36: 1 | AL36: =AJ36*AK36 -> 5000000
C37: 1 | D37: Ensayos de Laboratorio de Suelos, Materiales, Pavimentos y Concretos | E37: Según comprobante por mes | F37: 600000 | G37: 4 | H37: =C37*F37*G37 -> 2400000 | K37: 200000 | L37: 4 | M37: =K37*L37 -> 800000 | P37: 250000 | Q37: 4 | R37: =P37*Q37 -> 1000000 | U37: 600000 | V37: 4 | W37: =U37*V37 -> 2400000 | Z37: 400000 | AA37: 4 | AB37: =Z37*AA37 -> 1600000 | AE37: 504000 | AF37: 4 | AG37: =AE37*AF37 -> 2016000 | AJ37: 500000 | AK37: 4 | AL37: =AJ37*AK37 -> 2000000
C38: 1 | D38: Oficina/Campamento (incluye dotación y servicios públicos) | E38: Según comprobante por mes | F38: 1250000 | G38: 4 | H38: =C38*F38*G38 -> 5000000 | K38: 300000 | L38: 4 | M38: =K38*L38 -> 1200000 | P38: 780000 | Q38: 4 | R38: =P38*Q38 -> 3120000 | U38: 1000000 | V38: 4 | W38: =U38*V38 -> 4000000 | Z38: 800000 | AA38: 4 | AB38: =Z38*AA38 -> 3200000 | AE38: 1050000 | AF38: 4 | AG38: =AE38*AF38 -> 4200000 | AJ38: 1000000 | AK38: 4 | AL38: =AJ38*AK38 -> 4000000
D39: OTROS COSTOS
C40: 1 | D40: Transportes aereos y/o terrestres (incluye peajes y combustible) | E40: Según comprobante por mes | F40: 1300000 | G40: 2 | H40: =C40*F40*G40 -> 2600000 | K40: 270000 | L40: 2 | M40: =K40*L40 -> 540000 | P40: 500000 | Q40: 2 | R40: =P40*Q40 -> 1000000 | U40: 500000 | V40: 2 | W40: =U40*V40 -> 1000000 | Z40: 965000 | AA40: 2 | AB40: =Z40*AA40 -> 1930000 | AE40: 1092000 | AF40: 2 | AG40: =AE40*AF40 -> 2184000 | AJ40: 1200000 | AK40: 2 | AL40: =AJ40*AK40 -> 2400000
C41: 1 | D41: Edición de informes, papelería, reproducciòn de documentos, planos, fotografías, videos, etc. | E41: Según comprobante por mes | F41: 355000 | G41: 4 | H41: =C41*F41*G41 -> 1420000 | K41: 50000 | L41: 4 | M41: =K41*L41 -> 200000 | P41: 200000 | Q41: 4 | R41: =P41*Q41 -> 800000 | U41: 150000 | V41: 4 | W41: =U41*V41 -> 600000 | Z41: 200000 | AA41: 4 | AB41: =Z41*AA41 -> 800000 | AE41: 298200 | AF41: 4 | AG41: =AE41*AF41 -> 1192800 | AJ41: 300000 | AK41: 4 | AL41: =AJ41*AK41 -> 1200000
C42: 1 | D42: Comunicaciones (telefonía fija y/o celular, fax,correo, internet, etc) | E42: Según comprobante por mes | F42: 500000 | G42: 4 | H42: =C42*F42*G42 -> 2000000 | K42: 50000 | L42: 4 | M42: =K42*L42 -> 200000 | P42: 150000 | Q42: 4 | R42: =P42*Q42 -> 600000 | U42: 75000 | V42: 4 | W42: =U42*V42 -> 300000 | Z42: 250000 | AA42: 4 | AB42: =Z42*AA42 -> 1000000 | AE42: 420000 | AF42: 4 | AG42: =AE42*AF42 -> 1680000 | AJ42: 300000 | AK42: 4 | AL42: =AJ42*AK42 -> 1200000
C43: 1 | D43: Veeduría Técnica Comunitaria | E43: Según comprobante por mes | F43: 150000 | G43: 4 | H43: =C43*F43*G43 -> 600000 | I43: NO MODIFICAR | K43: 150000 | L43: 4 | M43: =K43*L43 -> 600000 | N43: CUMPLE | P43: 150000 | Q43: 4 | R43: =P43*Q43 -> 600000 | S43: CUMPLE | U43: 150000 | V43: 4 | W43: =U43*V43 -> 600000 | X43: CUMPLE | Z43: 150000 | AA43: 4 | AB43: =Z43*AA43 -> 600000 | AC43: CUMPLE | AE43: 150000 | AF43: 4 | AG43: =AE43*AF43 -> 600000 | AH43: CUMPLE | AJ43: 150000 | AK43: 4 | AL43: =AJ43*AK43 -> 600000 | AM43: CUMPLE
D44: SUBTOTAL OTROS COSTOS DIRECTOS = SUMATORIA DE (9) = (B) | H44: =+SUM(H33:H43) -> 35232336 | M44: =SUM(M33:M43) -> 12890000 | R44: =SUM(R33:R43) -> 14420000 | W44: =SUM(W33:W43) -> 23900000 | AB44: =SUM(AB33:AB43) -> 21380000 | AG44: =SUM(AG33:AG43) -> 29691162 | AL44: =SUM(AL33:AL43) -> 30900000
D45: SUBTOTAL COSTOS BASICOS = (A) + (B) = (C) | H45: =+H44+H27 -> 100840336 | M45: =M44+M27 -> 58610000 | R45: =R44+R27 -> 58796000 | W45: =W44+W27 -> 60318000 | AB45: =AB44+AB27 -> 67230000 | AG45: =AG44+AG27 -> 90088282 | AL45: =AL44+AL27 -> 94468000
D46: IVA = 19% * (C) = (D) | H46: =ROUND(H45*0.19,0) -> 19159664 | M46: =M45*0.19 -> 11135900 | R46: =R45*0.19 -> 11171240 | W46: =W45*0.19 -> 11460420 | AB46: =AB45*0.19 -> 12773700 | AG46: =ROUND(AG45*0.19,0) -> 17116774 | AL46: =AL45*0.19 -> 17948920
D47: COSTO TOTAL = (C) + (D) | H47: =+H46+H45 -> 120000000 | M47: =M45+M46 -> 69745900 | R47: =R45+R46 -> 69967240 | W47: =W45+W46 -> 71778420 | AB47: =AB45+AB46 -> 80003700 | AG47: =AG45+AG46 -> 107205056 | AL47: =AL45+AL46 -> 112416920
C48: NOTAS:
C49: 1. El Personal con dedicación del 100% en la interventoría, debe permanecer de tiempo completo en el lugar de ejecución de la obra, so pena de incurrir en falta grave a sus obligaciones, con la consecuente aplicación de las sanciones establecidas contractualmente. | AE49: RECHAZADO , Modifico los items,MONTO AGOTABLE ESPECIALISTAS (Conforman esta bolsa los Especialistas resaltados en amarillo) , Los valores que aparecen fijos e inmodificables no podrán alterarse, de lo contrario, será causal de rechazo.
C50: 2. Para el reconocimiento de los gastos deberá tenerse en cuenta la forma de pago establecida en los estudios previos, pliego de condiciones y contrato y las indicaciones pertinentes del Manual de Interventoría vigente, o el que lo modifique o sustituya. Se tendrá en cuenta lo siguiente, según corresponda:
C51: 2.1. Los costos directos de personal deben estar soportados por la nómina firmada, los cuales se anexarán al acta de costos para el trámite correspondiente ante el Instituto.
C52: 2.2. Los viáticos se reconocerán según su utilización real y sin superar los topes fijados en el presupuesto de la oferta entregada por el adjudicatario. Se reconoceran viaticos a los Especialistas que ejecuten desplazamientos al lugar de ejecución del proyecto cuando sea requerido, previa autorización del Supervisor del Contrato de Interventoría; En los casos en que se requiera la presencia del Director de Interventoría y/o Ingeniero Residente de Interventoría en la dirección territorial, se reconocerán viáticos.
C53: 2.3. Para aquellos costos de interventoría que tengan como unidad "Según comprobante por mes", los mismos se reembolsarán según su costo real, contra la presentación de facturas y soportes respectivos.
C54: 2.4. Los gastos de transportes aéreos/terrestres (incluye peajes y combustible) solo se reconocerán aquellos que se originen por el desplazamiento del personal a la zona del proyecto.
C55: 2.5. Los gastos de transportes aéreos/terrestres (incluye peajes y combustible) se reconocerán para el Personal Director y/o Especialistas, previa autorización del SUPERVISOR.
C56: 2.6. Los equipos e insumos técnicos solicitados se requieren como una herramienta de trabajo, por lo cual debe tenerlos el Interventor, para el desarrollo de sus actividades y se reconocen sus servicios al Invias dentro del ítem de “Oficina/Campamento (incluye dotación y servicios públicos)".
C57: 2.7. Para el caso del reembolso de los costos globales, es responsabilidad de la Interventoría el gasto racional de estos recursos, de acuerdo con las necesidades del proyecto dentro del plazo contractual.
C58: 2.8. Los valores que aparecen fijos e inmodificables no podrán alterarse, de lo contrario, será causal de rechazo.
C59: 2.9. La incorporación de los especialista a la ejecución del contrato, así como la correspondiente dedicación de cada uno de los especialistas se definirá de acuerdo con las necesidades del proyecto, previa autorización del respectivo Supervisor de Contrato y de la Unidad Ejecutora correspondiente, con fundamento en los sueldos mensuales de los especialistas, sin superar el monto total de la bolsa.
C60: 2.10. Las participaciones de los costos directos de personal y el tiempo de utilización de los otros costos directos, se pagarán mensualmente, de conformidad con la programación de recursos aprobada por el Supervisor del Contrato, previa verificación de su participación y utilización real en el contrato.
C61: 2.11. Las primas regionales para el diferente personal, no aplica para el presente proceso.
C62: 2.12. El proponente no podrá modificar, adicionar o suprimir, los ítems que la entidad ha establecido para costos Directos de Personal, Otros Costos Directos y Otros Costos, ni las participaciones (h-mes) , ni modificar, adicionar o suprimir las cantidades de los ítems del Formulario 1. Se recomienda estructurar su propuesta economica con el Formulario 1 publicado por la Entidad en definitivo para el presente proceso de selección.

Sheet Minimo Aceptable
B5: PROVEEDOR | C5: VALOR OFERTADO
B6: ORLANDO JIMENO | C6: ='EVAL. OFERTAS HAB. Limitada BOL'!AL47 -> 112416920
B7: SANTIAGO AREVALO | C7: DESCARTADO
B8: INVIACONS SAS | C8: ='EVAL. OFERTAS HAB. Limitada BOL'!AB47 -> 80003700
B9: RAMON ANTONIO RUBIO ACOSTA | C9: ='EVAL. OFERTAS HAB. Limitada BOL'!W47 -> 71778420
B10: CONSTRUCCIONES HERCAR SAS | C10: ='EVAL. OFERTAS HAB. Limitada BOL'!R47 -> 69967240
B11: G & G INGENIEROS SAS | C11: ='EVAL. OFERTAS HAB. Limitada BOL'!M47 -> 69745900
B13: MEDIANA | C13: =MEDIAN(C6:C11) -> 71778420
B14: DESVIACIÓN ESTANDAR | C14: =_xlfn.STDEV.P(C6:C11) -> 16255417
B15: VALOR MINIMO ACEPTABLE | C15: =C13-C14 -> 55523003
